AoeStats
← InTrUsIoN

Arena

509615937Analyzed
3v3 RM · 5d ago on Sep 27, 2026· 101m 30s· 6 players
Game mode
Random Map
Map size
Normal (6 player)
Population
200
Speed
Normal
Resources
Standard
Victory
Conquest
Starting age
Dark Age
Ending age
Imperial Age
RankedLock teamsTeams togetherTeam positionsShared explorationLock speedFull tech treeHidden civsTurbo modeCheats
Victory
Defeat
🇬🇧 Franks · United Kingdom
532
+18
🇨🇭 Chinese · Switzerland
509
+19
🇺🇸 Lithuanians · United States
494
+19
🇹🇷 Saracens · Türkiye
632
-21
🇹🇷 Chinese · Türkiye
543
-18
🇹🇷 Teutons · Türkiye
522
-17
((W@W)) Rahi
11:16 Feudal Age
12:02 Double-Bit Axe
14:11 Wheelbarrow
14:11 Gold Mining
14:12 Stone Mining
18:34 Castle Age
19:44 Bow Saw
21:09 Stone Mining
25:07 Hand Cart
31:41 Imperial Age
32:56 Scale Barding Armor
33:03 Forging
32:32 Cavalier
36:11 Paladin
36:52 Husbandry
37:17 Chain Barding Armor
37:48 Gold Shaft Mining
38:22 Chemistry
40:42 Conscription
39:43 Elite Throwing Axeman
40:48 Conscription
41:51 Iron Casting
47:22 Plate Barding Armor
47:49 Blast Furnace
46:56 Scale Mail Armor
61:52 Chain Mail Armor
Umiker
3:12 Loom
13:31 Feudal Age
18:41 Castle Age
17:23 Town Watch
18:38 Wheelbarrow
22:08 Double-Bit Axe
22:29 Horse Collar
24:30 Hand Cart
24:16 Town Patrol
24:36 Heavy Plow
26:19 Bow Saw
27:35 Fletching
27:46 Padded Archer Armor
28:03 Fortified Wall
27:49 Murder Holes
30:06 Ballistics
29:56 Bodkin Arrow
30:31 Leather Archer Armor
31:25 Thumb Ring
31:31 Great Wall
40:06 Imperial Age
37:51 Forging
37:41 Scale Mail Armor
37:47 Scale Barding Armor
37:06 Elite Skirmisher
38:09 Bloodlines
38:16 Husbandry
37:45 Light Cavalry
39:23 Gold Mining
40:48 Iron Casting
40:28 Chain Mail Armor
40:34 Chain Barding Armor
40:46 Squires
40:32 Arson
40:52 Bracer
41:25 Ring Archer Armor
41:35 Conscription
42:59 Blast Furnace
43:20 Chemistry
42:47 Caravan
43:13 Pikeman
46:40 Heavy Rocket Cart
52:49 Rocketry
60:58 Elite Chu Ko Nu
62:39 Plate Mail Armor
74:10 Halberdier
InTrUsIoN
11:12 Feudal Age
12:41 Wheelbarrow
11:54 Double-Bit Axe
11:55 Horse Collar
19:10 Castle Age
18:01 Loom
19:45 Light Cavalry
20:29 Husbandry
20:35 Gold Mining
20:19 Pikeman
22:44 Heavy Plow
26:29 Hand Cart
31:03 Imperial Age
28:54 Forging
29:26 Stone Mining
31:13 Bloodlines
31:08 Winged Hussar
35:56 Squires
36:47 Bow Saw
37:12 Cavalier
38:36 Conscription
39:51 Two-Man Saw
40:38 Iron Casting
40:10 Scale Barding Armor
40:22 Caravan
43:44 Chemistry
42:41 Murder Holes
43:07 Ballistics
44:53 Chain Barding Armor
45:20 Paladin
57:56 Crop Rotation
60:11 Plate Barding Armor
63:37 Treadmill Crane
64:53 Halberdier
mandiranoy
3:37 Loom
13:24 Feudal Age
13:28 Man-at-Arms
21:08 Castle Age
24:53 Double-Bit Axe
27:24 Wheelbarrow
36:05 Imperial Age
37:21 Ballistics
38:09 Pikeman
38:51 Squires
38:36 Arson
38:27 Elite Fire Lancer
40:04 Elite Chu Ko Nu
40:22 Heavy Rocket Cart
42:17 Chemistry
41:58 Halberdier
SmokedMyself
0:26 Loom
10:06 Feudal Age
12:22 Double-Bit Axe
13:38 Gold Mining
18:43 Castle Age
17:46 Stone Mining
19:35 Wheelbarrow
19:41 Wheelbarrow
19:59 Bow Saw
22:00 Hand Cart
22:57 Gold Shaft Mining
22:38 Horse Collar
24:26 Caravan
29:43 Forging
29:39 Scale Barding Armor
30:03 Heavy Plow
32:18 Iron Casting
32:03 Chain Barding Armor
35:04 Imperial Age
35:28 Elite Mameluke
38:05 Blast Furnace
37:40 Plate Barding Armor
39:22 Heavy Camel Rider
42:23 Two-Man Saw
Adags
12:46 Feudal Age
13:35 Horse Collar
13:50 Double-Bit Axe
24:31 Castle Age
28:40 Gold Mining
29:04 Padded Archer Armor
28:56 Fletching
29:25 Stone Mining
31:18 Bodkin Arrow
31:39 Leather Archer Armor
31:35 Forging
31:26 Scale Mail Armor
33:55 Town Watch
34:51 Wheelbarrow
38:42 Town Patrol
39:02 Hand Cart
41:29 Imperial Age
38:49 Loom
40:44 Pikeman
41:26 Squires
41:14 Arson
41:50 Heavy Plow
43:11 Chemistry
42:26 Bow Saw
43:48 Ballistics
43:52 Heated Shot
45:36 Halberdier
47:40 Two-Man Saw
47:14 Ring Archer Armor
47:21 Iron Casting
47:01 Chain Mail Armor
46:53 Scale Barding Armor
51:05 Onager
59:31 Siege Onager
Connection lost

Rejoining the realm…

Still unreachable

The connection could not be restored.

Session expired

The server has moved on; the page needs a fresh start.